 Dungeon Crawl Stone Soup version 0.22-a0-283-g1871b15 (webtiles) character file.

3986 b5mith the Carver (level 10, -5/124 HPs)
             Began as a Minotaur Berserker on Mar 18, 2018.
             Was an Elder of Trog.
             Slain by an orc warrior
             ... wielding a cursed -3 trident
              (12 damage)
             ... on level 7 of the Dungeon.
             The game lasted 00:16:18 (5822 turns).

b5mith the Carver (Minotaur Berserker)              Turns: 5822, Time: 00:16:18

Health: -5/124     AC: 11    Str: 31    XL:     10   Next: 3%
Magic:  9/9        EV: 13    Int:  4    God:    Trog [****..]
Gold:   346        SH:  0    Dex: 12    Spells: 9/9 levels left

rFire    . . .     SeeInvis .   v - +3 long sword
rCold    . . .     Gourm    .   (no shield)
rNeg     + . .     Faith    .   g - +0 ring mail (curse)
rPois    .         Spirit   .   (helmet restricted)
rElec    .         Reflect  .   z - +1 cloak {MR+}
rCorr    .         Harm     .   i - +0 pair of gloves
MR       +....                  D - +0 pair of boots
Stlth    ..........             n - amulet of magic regeneration
HPRegen  0.30/turn              y - ring of positive energy
MPRegen  0.36/turn              x - +3 ring of strength

@: berserking, very quick
A: retaliatory headbutt, horns 2
a: Berserk, Trog's Hand, Brothers in Arms, Renounce Religion


You were on level 7 of the Dungeon.
You worshipped Trog.
Trog was greatly pleased with you.
You were very hungry.

You visited 1 branch of the dungeon, and saw 7 of its levels.

You collected 346 gold pieces.

Inventory:

Hand Weapons
 a - a +0 falchion
 v - a +3 long sword (weapon)
Missiles
 o - 4 tomahawks
 B - 6 javelins (quivered)
Armour
 b - a +0 animal skin
 g - a cursed +0 ring mail (worn)
 i - a +0 pair of gloves (worn)
 m - a +0 cloak
 z - a +1 cloak of magic resistance (worn)
 D - a +0 pair of boots (worn)
Jewellery
 n - an amulet of magic regeneration (around neck)
 t - an uncursed ring of flight
 x - a +3 ring of strength (right hand)
 y - a ring of positive energy (left hand)
Wands
 l - a wand of random effects (15)
 A - a wand of digging (13)
Scrolls
 d - 2 scrolls of fear
 e - 2 scrolls of identify {@r1}
 h - 5 scrolls of remove curse {@r2}
 k - 2 scrolls of teleportation
 w - a scroll of amnesia {unknown}
 F - a scroll of magic mapping {unknown}
Potions
 f - 2 potions of haste
 j - 2 potions of degeneration
 p - 4 potions of curing {@q1}
 q - a potion of brilliance {unknown}
 r - 3 potions of might
 s - 2 potions of ambrosia
 u - 2 potions of mutation
 E - 2 potions of berserk rage {unknown}
Comestibles
 c - 15 rations
 C - a chunk of flesh


   Skills:
 + Level 6.3 Fighting
 - Level 14.4 Long Blades
 + Level 5.6 Armour
 + Level 5.1 Dodging


You had 9 spell levels left.
You didn't know any spells.

Dungeon Overview and Level Annotations

Branches:
Dungeon (7/15)             Temple (0/1) D:6

Altars:
Ashenzari
Okawaru
Yredelemnul


Innate Abilities, Weirdness & Mutations

You reflexively headbutt those who attack you in melee.
You have a pair of horns on your head.


Message History

The orc warrior hits you from afar with a trident!
* * * LOW HITPOINT WARNING * * *
The orc warrior hits you with a trident!!
* * * LOW HITPOINT WARNING * * *
You hear a shout!
Things that are here:
an enchanted trident; a scale mail; an orc corpse A red film seems to cover your vision as you go berserk!
You feel yourself moving faster!
You feel mighty!
You are feeling very hungry.
The orc warrior hits you with a trident!!
* * * LOW HITPOINT WARNING * * *
You slash the orc warrior!
The orc warrior is heavily wounded.
You closely miss the orc warrior. Your headbutt misses the orc warrior.
The orc warrior is heavily wounded.
You barely miss the orc warrior. Your headbutt misses the orc warrior.
The orc warrior is heavily wounded.
The orc warrior hits you with a trident!
You die...

#.###.## #)# . .....# #.#
#..############.####
#####...)....o.........#
.(...((..ooo.o...#####.###
####...#########.##...#..#
#...# #o.##.##.#.#
#...########o###.##.#.#
......o......#@...##.#.#
.).......#####.######.#.#
#....o....# #.# #.#.#
...#......# #.# #.#.# #.#
#.#.# #######.######.#.#
...............#
######.###..### #.# #..#


You could see an orc warrior and an orc.

Vanquished Creatures
  The ghost of ultrashaft the Fighter, a novice OgBe of Trog (D:7)
  Pikel (D:6)
  Sigmund (D:6)
  2 wraiths (D:7)
  The ghost of Caerwyn the Covered, an amateur GnWn (D:3)
  Menkaure (D:5)
  An orc warrior (D:7)
  A slave (D:6)
  An ogre (D:4)
  A phantom (D:4)
  2 centaurs
  An elf zombie (D:7)
  3 bullfrogs
  An elf skeleton (D:7)
  2 wights (D:7)
  A crimson imp (D:5)
  2 centaur zombies
  3 human zombies (D:7)
  A quasit (D:6)
  4 orc priests
  9 hounds
  A gnoll shaman (D:4)
  A centaur skeleton (D:4)
  A human skeleton (D:7)
  3 iguanas
  5 orc wizards
  7 worker ants
  A killer bee zombie (D:5)
  2 mummies (D:7)
  A hound skeleton (D:4)
  8 gnolls
  5 adders
  A shadow imp (D:7)
  An ooze (D:1)
  5 worms
  2 leopard geckos
  15 orcs
  2 giant cockroaches
  10 goblins
  2 hobgoblins
  7 jackals
  5 quokkas
  6 bats
  6 frilled lizards
  7 kobolds
  2 quokka skeletons
  5 rats
151 creatures vanquished.

Notes
Turn   | Place    | Note
-------+----------+-------------------------------------------
     0 | D:1      | b5mith the Minotaur Berserker began the quest for the Orb.
     0 | D:1      | Reached XP level 1. HP: 19/19 MP: 0/0
   276 | D:1      | Reached XP level 2. HP: 26/27 MP: 1/1
  1021 | D:2      | Reached skill level 4 in Long Blades
  1097 | D:2      | Reached XP level 3. HP: 33/33 MP: 2/2
  1099 | D:2      | Noticed a bullfrog
  1102 | D:2      | Killed a bullfrog
  1102 | D:2      | Reached XP level 4. HP: 41/41 MP: 3/3
  1219 | D:2      | Reached ** piety under Trog
  1533 | D:2      | Reached XP level 5. HP: 47/47 MP: 4/4
  1661 | D:2      | Found an iron altar of Okawaru.
  1752 | D:2      | Found a faded altar of an unknown god.
  2199 | D:3      | Noticed Caerwyn's ghost (amateur GnWn)
  2219 | D:3      | Killed Caerwyn's ghost
  2219 | D:3      | Reached skill level 5 in Fighting
  2219 | D:3      | Reached skill level 5 in Long Blades
  2219 | D:3      | Reached XP level 6. HP: 26/56 MP: 5/5
  2687 | D:4      | Reached skill level 5 in Armour
  2687 | D:4      | Reached XP level 7. HP: 46/62 MP: 6/6
  2965 | D:4      | Reached skill level 6 in Long Blades
  3084 | D:4      | Reached skill level 5 in Dodging
  3275 | D:4      | Reached *** piety under Trog
  3282 | D:4      | Reached skill level 7 in Long Blades
  3535 | D:5      | Entered Level 5 of the Dungeon
  3535 | D:5      | Noticed Menkaure
  3546 | D:5      | Killed Menkaure
  3546 | D:5      | Reached skill level 8 in Long Blades
  3546 | D:5      | Reached XP level 8. HP: 37/70 MP: 7/7
  3922 | D:5      | Reached skill level 9 in Long Blades
  3991 | D:5      | Found a shattered altar of Ashenzari.
  4610 | D:6      | Reached skill level 10 in Long Blades
  4668 | D:6      | Noticed Sigmund
  4689 | D:6      | Noticed Pikel
  4711 | D:6      | Killed Pikel
  4711 | D:6      | Reached skill level 11 in Long Blades
  4711 | D:6      | Reached XP level 9. HP: 60/75 MP: 8/8
  4715 | D:6      | Killed Sigmund
  4715 | D:6      | Reached **** piety under Trog
  4874 | D:6      | Found a staircase to the Ecumenical Temple.
  4967 | D:6      | Reached skill level 12 in Long Blades
  5373 | D:7      | Found a basalt altar of Yredelemnul.
  5408 | D:7      | Reached skill level 13 in Long Blades
  5652 | D:7      | Noticed ultrashaft's ghost (novice OgBe)
  5674 | D:7      | Killed ultrashaft's ghost
  5674 | D:7      | Reached skill level 14 in Long Blades
  5683 | D:7      | Reached XP level 10. HP: 29/83 MP: 9/9
  5822 | D:7      | Slain by an orc warrior

Vault maps used:
D:1:      tarquinn_simple_flora_water_e
D:2:      chequers_ecumenical_altar_simple_redux, okawaru_altar_gauntlet_db
D:4:      first_ration, minmay_misc_feat_cross
D:5:      evilmike_ruin_ashenzari, uniq_menkaure
D:6:      minmay_temple_entry_large_hall, uniq_pikel, uniq_sigmund
D:7:      minmay_the_grid_octo_2x2, overflow_temple_1_default,
          lemuel_mausoleum_altar_yredelemnul

Skill      XL: |  1  2  3  4  5  6  7  8  9 |
---------------+----------------------------+-----
Fighting       | 4 5 6 |  6.3
Long Blades    | 4 5 8 11 14 | 14.4
Armour         | 3 4 5 |  5.6
Dodging        | 3 4 5 |  5.1

Action                   |  1- 3 |  4- 6 |  7- 9 | 10-12 || total
-------------------------+-------+-------+-------+-------++-------
Melee: Falchion          |    46 |   115 |    16 |       ||   177
       Headbutt          |    13 |    26 |    62 |     1 ||   102
       Long sword        |       |       |   214 |     6 ||   220
Invok: Berserk           |       |     1 |     2 |     1 ||     4
  Use: Scroll            |       |       |     9 |       ||     9
  Eat: Chunk             |     1 |     3 |    10 |     1 ||    15
       Ration            |       |     1 |       |       ||     1
Armor: Animal skin       |     4 |       |       |       ||     4
       Ring mail         |     6 |    52 |    72 |     1 ||   131
Dodge: Dodged            |    30 |    73 |   138 |     7 ||   248
       Rpst.: Falchion   |     5 |    14 |     4 |       ||    23
       Long sword        |       |       |    33 |     1 ||    34

Table legend:
 A = Spawn XP
 B = Non-spawn XP
 C = Spawn XP percentage of total XP
 D = Spawn monster count
 E = Non-spawn monster count
 F = Spawn count percentage of total count
 G = Total turns spent on level
                    A         B        C        D         E        F      G
               +---------+---------+-------+---------+---------+-------+---------
         Total |       0 |    5695 |   0.0 |       0 |     150 |   0.0 |  5822
               +---------+---------+-------+---------+---------+-------+---------
           D:1 |       0 |      29 |   0.0 |       0 |      16 |   0.0 |   984
           D:2 |       0 |     225 |   0.0 |       0 |      32 |   0.0 |   818
           D:3 |       0 |     249 |   0.0 |       0 |      11 |   0.0 |   794
           D:4 |       0 |     838 |   0.0 |       0 |      30 |   0.0 |   939
           D:5 |       0 |     777 |   0.0 |       0 |      26 |   0.0 |  1049
           D:6 |       0 |    1222 |   0.0 |       0 |      12 |   0.0 |   698
           D:7 |       0 |    2355 |   0.0 |       0 |      23 |   0.0 |   540
               +---------+---------+-------+---------+---------+-------+---------
